Map: Romanticide LE

Players

StarDuck

  • Race: Protoss Protoss

Probe - Winner!

  • Race: Protoss Protoss

Event: DreamHack SC2 Masters 2021 Fall

VOD

Have the link to the VOD?

Description

Time

  • Played on: July 28, 2021, 5:48 a.m.
  • Length: 8:23

All games in this series

Show
View Real Time Build Order
Export as new Build Order

StarDuck Protoss 

Build Orders: Oracle Opening 

Get SALT Encoding   

  12  0:00  Probe  
  13  0:12  Probe  
  14  0:17  Pylon  
  14  0:24  Probe  
  15  0:35  Gateway  
  15  0:36  Probe (Chrono Boost)  
  16  0:46  Assimilator, Probe (Chrono Boost)  
  17  0:51  Probe (Chrono Boost)  
  18  0:58  Assimilator  
  18  1:03  Probe (Chrono Boost)  
  19  1:09  Gateway  
  19  1:15  Probe (Chrono Boost)  
  20  1:21  Probe (Chrono Boost)  
  20  1:25  Cybernetics Core  
  21  1:29  Probe  
  22  1:36  Pylon  
  22  1:41  Probe  
  23  1:55  Probe  
  24  2:01  Stalker x2  
  24  2:02  Warp Gate  
  28  2:10  Pylon  
  28  2:19  Pylon  
  28  2:26  Stargate  
  28  2:36  Probe  
  33  2:57  Nexus  
  29  3:02  Shield Battery  
  29  3:08  Oracle (Chrono Boost)  
  32  3:18  Stalker  
  34  3:27  Probe  
  34  3:29  Pylon  
  35  3:36  Shield Battery  
  35  3:43  Oracle  
  35  3:48  Probe  
  39  3:56  Stalker  
  38  4:04  Probe  
  38  4:09  Probe (Chrono Boost)  
  40  4:16  Probe (Chrono Boost)  
  41  4:21  Probe (Chrono Boost)  
  41  4:23  Twilight Council  
  42  4:26  Probe (Chrono Boost)  
  42  4:27  Probe (Chrono Boost)  
  44  4:33  Stalker  
  44  4:36  Stalker  
  48  4:42  Probe (Chrono Boost)  
  50  4:46  Probe (Chrono Boost)  
  50  4:52  Probe (Chrono Boost)  
  50  4:54  Blink (Chrono Boost)  
  50  4:55  Probe (Chrono Boost)  
  50  4:58  Probe  
  51  5:05  Probe  
  53  5:10  Probe  
  51  5:14  Stalker x2  
  51  5:17  Probe  
  52  5:28  Probe  
  53  5:36  Nexus  
  53  5:39  Forge  
  53  5:40  Probe  
  53  5:41  Probe  
  55  5:45  Pylon  
  55  5:52  Probe  
  55  5:56  Pylon  
  56  5:57  Assimilator  
  56  6:02  Stalker  
  56  6:03  Stalker  
  60  6:09  Probe x2  
  57  6:27  Probe (Chrono Boost)  
  57  6:30  Probe (Chrono Boost)  
  59  6:32  Robotics Facility  
  60  6:43  Probe (Chrono Boost)  
  60  6:44  Probe (Chrono Boost)  
  61  6:47  Stalker  
  61  6:48  Probe (Chrono Boost)  
  61  6:50  Probe  
  61  6:53  Stalker  
  67  6:58  Probe  
  69  7:02  Probe  
  68  7:13  Probe (Chrono Boost)  
  65  7:17  Probe (Chrono Boost)  
  65  7:18  Immortal (Chrono Boost)  
  70  7:25  Gateway  
  70  7:27  Probe (Chrono Boost)  
  70  7:29  Probe (Chrono Boost)  
  69  7:30  Gateway  
  67  7:41  Pylon  
  67  7:43  Pylon  
  67  7:45  Pylon  
  67  7:47  Shield Battery  
  65  7:53  Stalker x2  
Show
View Real Time Build Order
Export as new Build Order

Probe Protoss - Winner!

Build Orders: Oracle Opening 

Get SALT Encoding   

  12  0:00  Probe  
  13  0:12  Probe  
  14  0:17  Pylon  
  14  0:24  Probe (Chrono Boost)  
  15  0:36  Probe (Chrono Boost)  
  15  0:40  Gateway  
  16  0:43  Probe (Chrono Boost)  
  16  0:48  Assimilator  
  17  0:51  Probe  
  17  0:56  Assimilator  
  18  1:03  Probe (Chrono Boost)  
  19  1:08  Gateway  
  19  1:13  Probe (Chrono Boost)  
  19  1:18  Probe (Chrono Boost)  
  21  1:27  Cybernetics Core  
  21  1:29  Probe  
  22  1:35  Pylon  
  22  1:41  Probe  
  23  1:53  Probe  
  24  2:02  Warp Gate (Chrono Boost)  
  24  2:04  Stalker x2  
  24  2:05  Probe  
  29  2:14  Pylon  
  29  2:20  Probe  
  30  2:24  Pylon  
  30  2:32  Stargate  
  30  2:43  Adept  
  32  2:44  Adept  
  34  2:54  Shield Battery  
  34  3:01  Pylon  
  34  3:02  Probe  
  35  3:13  Oracle (Chrono Boost)  
  38  3:31  Nexus  
  38  3:42  Oracle  
  38  3:48  Stalker  
  42  3:54  Stalker  
  44  3:58  Probe  
  41  4:10  Probe  
  41  4:16  Twilight Council  
  42  4:22  Probe  
  42  4:24  Stalker  
  45  4:31  Pylon  
  45  4:33  Stalker  
  47  4:43  Probe x2  
  49  4:50  Blink (Chrono Boost)  
  49  4:55  Probe x2  
  51  5:04  Gateway  
  51  5:07  Probe  
  51  5:13  Probe  
  49  5:21  Probe (Chrono Boost)  
  49  5:22  Stalker x2  
  49  5:27  Probe (Chrono Boost)  
  56  5:37  Probe x2 (Chrono Boost)  
  56  5:44  Probe  
  56  5:46  Stalker x2, Probe  
  62  5:50  Pylon  
  62  5:56  Probe  
  63  5:58  Stalker  
  63  5:59  Probe  
  66  6:08  Probe  
  66  6:10  Stalker  
  66  6:11  Stalker, Probe  
  72  6:20  Probe  
  72  6:23  Probe  
  74  6:32  Forge  
  74  6:40  Stalker  
  74  6:41  Probe  
  74  6:43  Nexus  
  74  6:44  Assimilator  
  77  6:50  Pylon  
  77  6:59  Probe  
  77  7:01  Pylon  
  78  7:08  Probe  
  73  7:19  Stalker x3  
  73  7:20  Probe x2  
  81  7:32  Probe  
  81  7:33  Probe  
  83  7:42  Gateway  
  83  7:45  Probe  
  83  7:46  Gateway, Robotics Facility  
  83  7:48  Gateway  
  83  7:49  Pylon  
  83  7:50  Gateway  
  84  8:05  Stalker x3  
  86  8:06  Probe  

Tags
 
Add a new tag
Caveats
  • Supply blocks, unpowered buildings, or Contaminate may cause inaccurate times.
  • Supply counts are checked every 10 seconds.